 Dungeon Crawl Stone Soup version 0.27.1 (webtiles) character file.

Game seed: 1174250415758408669

48529 Ishikawa the Carver (level 14, -4/106 HPs)
             Began as a Demonspawn Fighter on Sept 2, 2021.
             Was the Champion of Okawaru.
             Slain by a wolf spider (8 damage)
             ... on level 1 of the Spider Nest.
             The game lasted 01:16:04 (14395 turns).

Ishikawa the Carver (Demonspawn Fighter)           Turns: 14395, Time: 01:16:05

Health: -4/106     AC: 13    Str: 22    XL:     14   Next: 12%
Magic:  24/24      EV: 13    Int: 17    God:    Okawaru [******]
Gold:   1392       SH: 11    Dex: 14    Spells: 16/26 levels left

rFire    + . .     SeeInvis +   i - +3 demon blade (flame)
rCold    + . .     Faith    .   c - +0 kite shield
rNeg     . . .     Spirit   .   t - +1 troll leather armour {Purgy}
rPois    +         Reflect  .   a - +2 hat {Int+3}
rElec    +         Harm     .   e - scarf {repulsion}
rCorr    +         Rampage  .   r - +0 pair of gloves
Will     +....                  g - +0 pair of boots
Stlth    +++.......             T - amulet of regeneration
HPRegen  2.27/turn              y - ring of poison resistance
MPRegen  0.19/turn              A - ring of see invisible

@: resistant, repel missiles
A: claws 1, icy blue scales 2, demonic guardian 2, powered by pain 2, clever 1,
strong 2
a: Renounce Religion, Heroism, Finesse


You were on level 1 of the Spider Nest.
You worshipped Okawaru.
Okawaru was exalted by your worship.
You visited 3 branches of the dungeon, and saw 17 of its levels.
You also visited: Sewer.

You collected 1392 gold pieces.

Inventory:

Hand Weapons
 b - a +4 vorpal broad axe
 i - a +3 demon blade of flaming (weapon)
 o - the +10 hunting sling of Litom {venom, rElec Will+ Str+4 Int-2}
   (Okawaru gifted it to you on level 1 of the Lair of Beasts)

   Any ammunition fired from it poisons the flesh of those it strikes.
   Str:       It affects your strength (+4).
   Int:       It affects your intelligence (-2).
   rElec:     It insulates you from electricity.
   Will:      It increases your willpower.
 B - the +5 arbalest of the Assorted Beds {freeze, rElec Stlth+}
   (Okawaru gifted it to you on level 2 of the Lair of Beasts)

   Any ammunition fired from it freezes those it strikes, dealing additional
   cold damage.
   It can also slow down cold-blooded creatures.
   rElec:     It insulates you from electricity.
   Stlth:     It makes you more stealthy.
 R - the +9 hunting sling of the Saviour {venom, Int+6}
   (Okawaru gifted it to you on level 3 of the Lair of Beasts)

   Any ammunition fired from it poisons the flesh of those it strikes.
   Int:       It affects your intelligence (+6).
Armour
 a - a +2 hat of intelligence (worn)
 c - a +0 kite shield (worn)
 e - a scarf of repulsion (worn)
 g - a +0 pair of boots (worn)
 r - a +0 pair of gloves (worn)
 t - a +1 troll leather armour (worn) {Purgy}
 S - a +0 pair of gloves of archery
 X - a +0 troll leather armour
Magical Staves
 D - a staff of conjuration
 G - a staff of death
Jewellery
 s - a ring of willpower
 x - a ring of resist corrosion
 y - a ring of poison resistance (left hand)
 A - a ring of see invisible (right hand)
 I - a +6 ring of strength
 P - a ring of flight
 T - an amulet of regeneration (around neck)
 U - a ring of willpower
Wands
 l - a wand of mindburst (9)
 m - a wand of iceblast (15)
 w - a wand of flame (21)
 E - a wand of acid (3)
 M - a wand of polymorph (9)
 O - a wand of paralysis (4)
 W - a wand of digging (16)
Scrolls
 k - 7 scrolls of teleportation
 n - 3 scrolls of fog
 p - 2 scrolls of immolation
 C - 3 scrolls of vulnerability
 H - 2 scrolls of magic mapping
 J - 7 scrolls of identify
 K - 2 scrolls of fear
 L - 2 scrolls of amnesia
 N - a scroll of silence
Potions
 d - 5 potions of might
 f - 2 potions of invisibility
 h - 3 potions of flight
 j - 3 potions of lignification
 q - 3 potions of haste
 u - 4 potions of magic
 v - 2 potions of ambrosia
 z - a potion of resistance
 F - a potion of attraction
 V - 2 potions of brilliance
 Y - a potion of berserk rage {unknown}


   Skills:
 * Level 8.8 Fighting
 * Level 11.7 Long Blades
 * Level 7.1 Armour
 * Level 7.0 Dodging
 * Level 7.0 Stealth
 * Level 8.3 Shields
 * Level 6.6 Spellcasting
 * Level 6.5 Summonings
 * Level 5.8 Necromancy
 * Level 6.3 Invocations
 - Level 4.6 Evocations


You had 16 spell levels left.
You knew the following spells:

 Your Spells              Type           Power      Damage    Failure   Level
a - Call Canine Familiar  Summ           28%        N/A       6%          3
b - Haunt                 Necr/Summ      13%        N/A       100%        7

Your spell library contained the following spells:

 Spells                   Type           Power      Damage    Failure   Level
 Summon Guardian Golem    Hex/Summ       16%        N/A       26%         3
 Foxfire                  Conj/Fire      20%        2x1d5     32%         1
 Shock                    Conj/Air       20%        1d4       32%         1
 Summon Lightning Spire   Summ/Air       16%        N/A       63%         4
 Ignite Poison            Fire/Tmut/Pois 5%         N/A       67%         3
 Portal Projectile        Hex/Tloc       10%        N/A       67%         3
 Swiftness                Air            5%         N/A       67%         3
 Airstrike                Air            2%         N/A       97%         4
 Leda's Liquefaction      Hex/Erth       2%         N/A       97%         4
 Blade Hands              Tmut           2%         N/A       100%        5
 Irradiate                Conj/Tmut      2%         3d14      100%        5
 Invisibility             Hex            2%         N/A       100%        6
 Dragon Form              Tmut           2%         N/A       100%        7
 Storm Form               Tmut/Air       2%         N/A       100%        7
 Maxwell's Capacitive Co  Air            2%         ∞         100%        8
 Death's Door             Necr           12%        N/A       100%        9


Dungeon Overview and Level Annotations

Branches:
Dungeon (11/15)            Temple (0/1) D:5            Lair (5/6) D:10
 Shoals (0/4) Lair:3       Spider (1/4) Lair:4          Orc (0/2) D:10
  Sewer (visited)
  Slime: Lair:5-6

Altars:
Cheibriados
Fedhas
Kikubaaqudgha
Nemelex Xobeh
Okawaru
Ru
Trog
Uskayaw
Vehumet
Wu Jian
The Shining One

Shops:
D:3 (   D:10 [


Innate Abilities, Weirdness & Mutations

You have sharp fingernails.
You are mostly covered in icy blue scales. (AC +3)
A demonic guardian rushes to your aid.
You sometimes gain power by taking damage.
Your mind is acute. (Int +2)
Your muscles are very strong. (Str +4)


Message History

The wolf spider bites you but does no damage.
You barely miss the wolf spider.
The wolf spider is moderately wounded.
You feel very sick. You block the wolf spider's attack.
The wolf spider closely misses you. The wolf spider hits you.
The wolf spider bites you.
You slice the wolf spider!! You burn the wolf spider.
The wolf spider is severely wounded.
You feel very sick. You block the wolf spider's attack.
The wolf spider bites you! The wolf spider closely misses you.
You riposte.
You closely miss the wolf spider. The wolf spider bites you!
You closely miss the wolf spider.
The wolf spider is severely wounded.
You feel sick. The wolf spider closely misses you. The wolf spider bites you!
The wolf spider hits you!
* * * LOW HITPOINT WARNING * * *
A demonic guardian appears!
The wolf spider closely misses you. The wolf spider hits you!
* * * LOW HITPOINT WARNING * * *
The wolf spider bites you but does no damage.
You feel very sick. The wolf spider hits you.
* * * LOW HITPOINT WARNING * * *
The wolf spider closely misses you.
Your ice devil hits the wolf spider!
Your ice devil freezes the wolf spider!
You feel better. The wolf spider hits your ice devil.
The wolf spider bites your ice devil. The wolf spider barely misses you.
The wolf spider bites you but does no damage.
The wolf spider closely misses your ice devil. x2
Your ice devil hits the wolf spider.
The wolf spider dies!
Okawaru accepts your kill. The wolf spider hits you!
* * * LOW HITPOINT WARNING * * *
The wolf spider bites you but does no damage.
Your ice devil hits the wolf spider but does no damage.
You feel protected. The wolf spider hits you!
You die...

##.#######......
#..^##.....##..
#...†....#.#### #.
##.#...####...## .#
##.###..# #...... ##.
#..# ##.# #...... #..#
##..# #.# #......
#...##...# ... #......
##....#@..#.....###.....
#...#.s.......... #.....
#.....4........ #.....
#........##...... #....^
...........#......
##.###
#..............^.. #####
..#.........###... #.. .
##.......## ## #..
####.#### #..


You could see a wolf spider (ally target) and a friendly ice devil (summoned).

Vanquished Creatures
  Nessos (Lair:4)
  Erolcha (D:9)
  7 hydras
  A centaur warrior (D:10)
  A boulder beetle (Spider:1)
  A two-headed ogre (D:11)
  Urug (D:11)
  Nergalle (Lair:2)
  4 wolf spiders (Spider:1)
  Pikel (D:6)
  An oklob plant (Lair:5)
  5 orb spiders
  A manticore (Lair:3)
  8 elephants
  6 black mambas
  Joseph (D:10)
  A torpor snail (Lair:3)
  9 cane toads
  An unseen horror (D:10)
  A rime drake (Lair:5)
  A demonic crawler (Spider:1)
  An efreet (D:9)
  7 komodo dragons
  2 trolls
  4 jumping spiders (Spider:1)
  2 hornets
  11 blink frogs
  6 redbacks (Spider:1)
  4 tarantellas (Spider:1)
  A wraith (D:10)
  2 wyverns
  3 shadows
  3 basilisks
  35 yaks
  An acid dragon (D:11)
  13 water moccasins
  5 black bears
  2 orc warriors
  Purgy (Sewer)
  3 ice beasts
  2 ogres
  3 centaurs
  17 wolves
  3 kobold brigands
  2 phantoms
  23 bullfrogs
  3 scorpions (D:5)
  3 killer bees (D:9)
  3 wights
  2 howler monkeys
  3 orc priests
  5 hounds
  3 centaur zombies
  2 jellies
  5 bullfrog skeletons
  Jessica (D:3)
  An iguana (D:6)
  Natasha (thrice) (D:4)
  3 hell rats (Lair:3)
  7 orc wizards
  A hound zombie (D:5)
  A hound skeleton (D:4)
  A howler monkey skeleton (D:7)
  5 adders
  A river rat (D:4)
  2 shadow imps
  A white imp (D:5)
  3 worms
  A dart slug (D:2)
  15 orcs
  7 endoplasms
  4 giant cockroaches
  6 goblins
  12 hobgoblins
  3 jackals (D:3)
  26 kobolds
  5 quokkas
  6 ball pythons
  4 bats
  3 frilled lizards
  7 rats
368 creatures vanquished.

Vanquished Creatures (collateral kills)
  A hydra (Lair:5)
  A tengu warrior (D:9)
  A deep elf pyromancer (D:10)
  A wolf spider (Spider:1)
  3 elephants
  A black mamba (Lair:4)
  A komodo dragon (Lair:4)
  A troll (D:10)
  A wind drake (Lair:3)
  A wyvern (Lair:4)
  5 yaks
  A water moccasin (Lair:5)
  3 wolves (Lair:2)
  A phantom (D:4)
  3 bullfrogs
  A scorpion (D:3)
  3 wights (D:7)
  A centaur skeleton (D:6)
  An orc wizard (D:10)
  A hell rat (Lair:3)
  An adder (D:4)
  3 orcs
36 creatures vanquished.

Vanquished Creatures (others)
  A bush (Lair:5)
  38 fungi
  67 plants
  5 toadstools (D:4)
111 creatures vanquished.

Grand Total: 515 creatures vanquished

Notes
Turn   | Place    | Note
-------+----------+-------------------------------------------
     0 | D:1      | Ishikawa the Demonspawn Fighter began the quest for the
                  | Orb.
     0 | D:1      | Reached XP level 1. HP: 18/18 MP: 1/1
   599 | D:1      | Found a faded altar of an unknown god.
   694 | D:2      | Gained mutation: A weak demonic guardian rushes to your
                  | aid. [demonic ancestry]
   694 | D:2      | Reached XP level 2. HP: 22/24 MP: 2/2
  1183 | D:2      | Reached XP level 3. HP: 28/29 MP: 3/3
  1213 | D:2      | Reached skill level 2 in Long Blades
  1222 | D:2      | Reached skill level 1 in Stealth
  1393 | D:2      | Identified 2 scrolls of acquirement
  1393 | D:2      | Acquired 529 gold pieces
  1723 | D:3      | Noticed Jessica
  1733 | D:3      | Killed Jessica
  1734 | D:3      | Reached skill level 1 in Dodging
  1734 | D:3      | Gained mutation: You have sharp fingernails. [demonic
                  | ancestry]
  1734 | D:3      | Reached XP level 4. HP: 32/35 MP: 4/4
  1825 | D:3      | Noticed a scorpion
  1833 | D:3      | Killed a scorpion
  2007 | D:3      | Reached XP level 5. HP: 41/41 MP: 6/6
  2028 | D:3      | Noticed an ogre
  2057 | D:3      | Killed an ogre
  2058 | D:3      | Reached skill level 3 in Long Blades
  2058 | D:3      | Reached skill level 1 in Spellcasting
  2058 | D:3      | Reached skill level 1 in Evocations
  2082 | D:3      | Learned a level 3 spell: Call Canine Familiar
  2387 | D:3      | Found Rafil's Antique Weapon Shop.
  2570 | D:3      | Gained mutation: You sometimes gain a little power by
                  | taking damage. [demonic ancestry]
  2570 | D:3      | Reached XP level 6. HP: 47/47 MP: 7/7
  2636 | D:3      | Acquired a +2 demon blade of flaming
  2688 | D:4      | Found a glowing drain.
  2719 | Sewer    | Entered a sewer
  2815 | Sewer    | Noticed Purgy
  2823 | Sewer    | Killed Purgy
  2993 | D:4      | Noticed Natasha
  2999 | D:4      | Killed Natasha
  3093 | D:4      | Noticed Natasha
  3100 | D:4      | Killed Natasha
  3163 | D:4      | Found an iron altar of Okawaru.
  3171 | D:4      | Became a worshipper of Warmaster Okawaru
  3261 | D:4      | Reached skill level 4 in Long Blades
  3261 | D:4      | Reached skill level 1 in Summonings
  3261 | D:4      | Reached XP level 7. HP: 40/53 MP: 9/9
  3384 | D:4      | Noticed Natasha
  3391 | D:4      | Killed Natasha
  3511 | D:5      | Entered Level 5 of the Dungeon
  3563 | D:5      | Found an ancient bone altar of Kikubaaqudgha.
  3568 | D:5      | Found an ornate altar of the Wu Jian Council.
  3581 | D:5      | Found a bloodstained altar of Trog.
  3646 | D:5      | Reached * piety under Okawaru
  3700 | D:5      | Gained mutation: You are partially covered in icy blue
                  | scales. (AC +2) [demonic ancestry]
  3700 | D:5      | Reached XP level 8. HP: 60/60 MP: 11/11
  3756 | D:5      | Found a staircase to the Ecumenical Temple.
  3806 | D:5      | Reached skill level 5 in Long Blades
  3840 | D:5      | Found a snail-covered altar of Cheibriados.
  4323 | D:6      | Reached ** piety under Okawaru
  4338 | D:6      | Noticed Pikel
  4369 | D:6      | Killed Pikel
  4370 | D:6      | Gained mutation: A demonic guardian rushes to your aid.
                  | [demonic ancestry]
  4370 | D:6      | Reached XP level 9. HP: 17/66 MP: 11/13
  4755 | D:6      | Reached *** piety under Okawaru
  4756 | D:6      | Reached skill level 6 in Long Blades
  4817 | D:6      | Found a sparkling altar of Nemelex Xobeh.
  4881 | D:6      | Reached skill level 5 in Fighting
  5070 | D:6      | Reached skill level 5 in Shields
  5754 | D:8      | Found a blossoming altar of Fedhas.
  5812 | D:8      | Found a sacrificial altar of Ru.
  5887 | D:8      | Reached skill level 7 in Long Blades
  5893 | D:8      | HP: 2/68 [orc priest/divine providence (13)]
  5895 | D:8      | Reached **** piety under Okawaru
  5896 | D:8      | Reached XP level 10. HP: 5/74 MP: 15/15
  5942 | D:8      | Reached skill level 5 in Armour
  6323 | D:9      | Noticed a tengu warrior
  6323 | D:9      | Found a sacrificial altar of Ru.
  6370 | D:9      | Killed a tengu warrior
  6434 | D:9      | Noticed Erolcha
  6481 | D:9      | Got Cigotuvi's Guide on Evil Arts
  6491 | D:9      | Learned a level 7 spell: Haunt
  6500 | D:9      | Found a bloodstained altar of Trog.
  6754 | D:9      | Killed Erolcha
  6754 | D:9      | Reached ***** piety under Okawaru
  6755 | D:9      | Reached skill level 1 in Necromancy
  6924 | D:9      | Found a hide-covered altar of Uskayaw.
  7113 | D:10     | Entered Level 10 of the Dungeon
  7113 | D:10     | Found a staircase to the Orcish Mines.
  7165 | D:10     | Reached skill level 8 in Long Blades
  7174 | D:10     | Noticed a deep elf pyromancer
  7267 | D:10     | Found a staircase to the Lair.
  7301 | D:10     | Noticed a centaur warrior
  7306 | D:10     | Found a radiant altar of Vehumet.
  7315 | D:10     | Killed a centaur warrior
  7316 | D:10     | Reached XP level 11. HP: 64/81 MP: 17/17
  7517 | D:10     | Killed a deep elf pyromancer
  7618 | D:10     | Found Vuutug's Antique Armour Emporium.
  7641 | D:10     | Received a gift from Okawaru
  7772 | D:10     | Noticed Joseph
  7786 | D:10     | Killed Joseph
  7787 | D:10     | Reached skill level 1 in Invocations
  7914 | D:11     | Noticed Urug
  7924 | D:11     | Killed Urug
  7924 | D:11     | Received a gift from Okawaru
  7924 | D:11     | Reached ****** piety under Okawaru
  8027 | D:11     | Reached skill level 5 in Dodging
  8043 | D:11     | Reached skill level 5 in Stealth
  8409 | D:11     | Noticed a two-headed ogre
  8416 | D:11     | Killed a two-headed ogre
  8417 | D:11     | Reached skill level 9 in Long Blades
  8614 | Lair:1   | Entered Level 1 of the Lair of Beasts
  8794 | Lair:1   | Identified the +10 hunting sling of Litom {venom, rElec
                  | Will+ Str+4 Int-2} (Okawaru gifted it to you on level 1 of
                  | the Lair of Beasts)
  8794 | Lair:1   | Received a gift from Okawaru
  8798 | Lair:1   | Reached skill level 5 in Spellcasting
  8919 | Lair:1   | Reached skill level 5 in Summonings
  8938 | Lair:1   | Noticed a seven-headed hydra
  8947 | Lair:1   | Killed a six-headed hydra
  9000 | Lair:1   | Reached XP level 12. HP: 80/89 MP: 19/19
  9528 | Lair:2   | Noticed Nergalle
  9535 | Lair:2   | Killed Nergalle
  9607 | Lair:2   | Received a gift from Okawaru
  9786 | Lair:2   | Noticed an eight-headed hydra
  9806 | Lair:2   | Killed a one-headed hydra
  9896 | Lair:2   | Identified the +5 arbalest of the Assorted Beds {freeze,
                  | rElec Stlth+} (Okawaru gifted it to you on level 2 of the
                  | Lair of Beasts)
  9896 | Lair:2   | Received a gift from Okawaru
  9897 | Lair:2   | Reached skill level 10 in Long Blades
 10552 | Lair:3   | Noticed an eight-headed hydra
 10560 | Lair:3   | Killed a six-headed hydra
 10994 | Lair:3   | Identified the +9 hunting sling of the Saviour {venom,
                  | Int+6} (Okawaru gifted it to you on level 3 of the Lair of
                  | Beasts)
 10994 | Lair:3   | Received a gift from Okawaru
 11043 | Lair:3   | Noticed a four-headed hydra
 11051 | Lair:3   | Killed a one-headed hydra
 11279 | Lair:3   | Gained mutation: You are mostly covered in icy blue scales.
                  | (AC +3) [demonic ancestry]
 11279 | Lair:3   | Reached XP level 13. HP: 95/98 MP: 21/21
 11315 | Lair:3   | Reached skill level 5 in Invocations
 11565 | Lair:3   | Found a staircase to the Shoals.
 11698 | Lair:4   | You fall into a shaft and drop 1 floor!
 11714 | Lair:5   | Reached skill level 5 in Necromancy
 11819 | Lair:5   | Received a gift from Okawaru
 12031 | Lair:5   | Reached skill level 11 in Long Blades
 13229 | Lair:4   | Found a hole to the Spider Nest.
 13477 | Lair:4   | Noticed Nessos
 13485 | Lair:4   | Killed Nessos
 13693 | Lair:4   | Gained mutation: Your muscles are strong. (Str +2) [potion
                  | of mutation]
 13693 | Lair:4   | Gained mutation: Your mind is acute. (Int +2) [potion of
                  | mutation]
 13693 | Lair:4   | Gained mutation: You evolve. [potion of mutation]
 13695 | Spider:1 | Entered Level 1 of the Spider Nest
 13819 | Spider:1 | Received a gift from Okawaru
 14018 | Spider:1 | Gained mutation: You sometimes gain power by taking damage.
                  | [demonic ancestry]
 14018 | Spider:1 | Reached XP level 14. HP: 95/106 MP: 23/23
 14025 | Spider:1 | Gained mutation: Your muscles are very strong. (Str +4)
                  | [evolution]
 14025 | Spider:1 | Lost mutation: You evolve. [end of evolution]
 14047 | Spider:1 | Got the Tome of Enchanting Fire
 14394 | Spider:1 | HP: 2/106 [wolf spider (16)]
 14395 | Spider:1 | Slain by a wolf spider

Illustrated notes

Levels and vault maps discovered:
D:1:      dpeg_arrival_fog, layout_basic, shapermc_ecumenical_altar_hornbeckon
D:2:      minmay_evil_eye, layout_rooms, minmay_heptomino_w4
D:3:      layout_rooms, serial_shops, nicolae_lakefront_shop,
          minmay_quadrilaterals, uniq_jessica
D:4:      layout_basic, kennysheep_okawaru_gauntlet, portal_sewer_entry_b,
          hangedman_abyss_or_decor_stabs, minmay_gold_behind_fungi,
          dk_noncrumbling_3, hangedman_decor_points, uniq_natasha
D:5:      cheibrodos_thug_alley, layout_cave_pools, old_standard_altar,
          grunt_temple_overflow_open, mainiacjoe_overflow_cross_hatched,
          minmay_temple_entry_waves, serial_bayou, serial_bayou_shore_b,
          serial_bayou_shore_a, serial_bayou_pond_c, serial_bayou_shore_b,
          st_stairs_1
D:6:      kennysheep_six_static_rooms, layout_basic,
          mainiacjoe_overflow_24_doors, uniq_pikel
D:7:      layout_rooms
D:8:      layout_basic, mainiacjoe_overflow_two_lobes,
          kennysheep_generic_room_10
D:9:      layout_irregular_city, mainiacjoe_overflow_alcove_4,
          mainiacjoe_overflow_chevrons, hangedman_feature_mirror, uniq_erolcha
D:10:     layout_irregular_city, overflow_temple_1_default, lair_entry_dummy,
          orc_0_dummy, serial_shops, nicolae_shop_statue_plus, uniq_joseph
D:11:     layout_gridville, uniq_urug
Lair:1:   layout_loops_ring, beast_lair_carwin_10
Lair:2:   layout_cellular_growth, beast_lair_carwin_7, uniq_nergalle
Lair:3:   layout_cave_pods, minmay_shoals_entry_beasts, serial_bayou_lagoon_a,
          chequers_serial_rivers_micro_a, grunt_forest_stairs_basic
Lair:4:   layout_cave_shapes, nicolae_spider_entry_orb_guardian, minmay_holes,
          lemuel_fruit_tree, uniq_nessos
Lair:5:   layout_regular_city, grunt_forest_small_clearing_treed
Spider:1: layout_chambers, drop_trap

Skill      XL: |  1  2  3  4  5  6  7  8  9 10 11 12 13 14 |
---------------+-------------------------------------------+-----
Long Blades    | 2 3 4 5 7 8 9 10 11 | 11.7
Armour         | 3 4 5 6 7 |  7.1
Stealth        | 1 2 3 4 5 6 7 |  7.0
Dodging        | 1 2 3 4 5 6 7 |  7.0
Shields        | 3 4 5 6 7 8 |  8.3
Spellcasting   | 1 2 3 4 5 6 |  6.6
Evocations     | 1 2 3 4 |  4.6
Summonings     | 1 2 3 4 5 6 |  6.5
Fighting       | 4 5 6 7 8 |  8.8
Necromancy     | 1 3 4 5 |  5.8
Invocations    | 3 4 6 |  6.3

Action                   |  1- 3 |  4- 6 |  7- 9 | 10-12 | 13-15 || total
-------------------------+-------+-------+-------+-------+-------++-------
Melee: Long sword        |    97 |    69 |       |       |       ||   166
       Demon blade       |       |    69 |   315 |   575 |   454 ||  1413
Evoke: Wand              |       |     2 |     2 |    49 |    33 ||    86
  Use: Scroll            |     3 |     6 |     9 |     5 |     2 ||    25
       Potion            |       |       |     2 |    10 |     7 ||    19
 Stab: Sleeping          |       |     1 |     2 |     9 |     3 ||    15
       Distracted        |       |       |     1 |     2 |     1 ||     4
Armor: Scale mail        |    38 |    66 |       |       |       ||   104
       Troll leather arm |       |    10 |    90 |   213 |   164 ||   477
Dodge: Dodged            |    26 |    56 |   115 |   310 |   229 ||   736
       Repelled          |       |     1 |       |     2 |     2 ||     5
Block: Kite shield       |    30 |    71 |   166 |   372 |   249 ||   888
       Rpst.: Long sword |     9 |    10 |       |       |       ||    19
       Demon blade       |       |     7 |    30 |    84 |    55 ||   176
